 Dungeon Crawl Stone Soup version 0.30.1-4-g462c640d31 (webtiles) character file.

Game seed: 5106678671890262582

362 Zeor the Cudgeller (level 6, -2/38 HPs)
             Began as a Gargoyle Berserker on Aug 31, 2023.
             Was a Believer of Trog.
             Splashed by a jelly's acid (10 damage)
             ... on level 4 of the Dungeon on Sept 1, 2023.
             The game lasted 00:07:49 (2113 turns).

Zeor the Cudgeller (Gargoyle Berserker)             Turns: 2113, Time: 00:07:50

Health: -2/38      AC:  5    Str: 22    XL:     6   Next: 66%
Magic:  6/6        EV:  9    Int:  8    God:    Trog [**....]
Gold:   138        SH:  0    Dex:  9    Spells: 5/5 levels left

rFire   . . .        k - +2 mace (holy)
rCold   . . .        (no shield)
rNeg    + . .        c - +0 chain mail
rPois   ∞            (no helmet)
rElec   +            (no cloak)
rCorr   .            (no gloves)
SInv    .            (no boots)
Will    .....        (no amulet) Stlth
                     (no ring)
HPRegen 0.26/turn    (no ring)
MPRegen 0.10/turn

%: no passive effects
@: corroded
A: sickness immunity, AC +4, negative energy resistance 1, electricity
resistance, torment resistance 1, petrification resistance
a: Renounce Religion, Berserk, Trog's Hand


You were on level 4 of the Dungeon.
You worshipped Trog.
Trog was pleased with you.
You visited 1 branch of the dungeon, and saw 4 of its levels.

You collected 246 gold pieces.
You spent 108 gold pieces at shops.

Inventory:

Hand Weapons
 a - a +1 mace of protection
 g - a +0 flail
 k - a +2 mace of holy wrath (weapon)
Armour
 c - a +0 chain mail (worn)
 m - a +0 cloak
Jewellery
 f - an amulet of magic regeneration
Wands
 l - a wand of digging (7)
Potions
 b - a potion of magic
 d - 3 potions of heal wounds
 e - a potion of ambrosia
 h - a potion of resistance
 i - 3 potions of curing
 j - a potion of might {unknown}
 n - a potion of degeneration {unknown}


   Skills:
 + Level 4.1 Fighting
 * Level 6.1 Maces & Flails
 + Level 3.2 Armour
 + Level 2.3 Dodging
 + Level 0.4 Stealth


You had 5 spell levels left.
You didn't know any spells.
Your spell library was empty.

Dungeon Overview and Level Annotations

Branches:
Dungeon (4/15)
 Temple: D:4-7

Altars:
Fedhas

Shops:
D:3 ([(

Annotations:
D:4 1 runed translucent door, Vahgon's ghost, novice MiBe


Innate Abilities, Weirdness & Mutations

You are immune to sickness and miasma.
Your stone body is resilient. (AC +4)
You are immune to poison.
You resist negative energy. (rN+)
You are resistant to electric shocks. (rElec)
You are resistant to unholy torment.
You are immune to petrification.


Message History

The floor.
Found 19 gold pieces.
Vahgon's ghost screams in joy, "As in life, so in death: Kill!
Kill!!
Kill!!!"
Found an escape hatch in the floor.
You now have 138 gold pieces (gained 19).
An ogre comes into view. It is wielding a +0 giant club.
The ogre shouts!
A jelly comes into view.
You sock the ogre!
The ogre is moderately wounded.
The ogre closely misses you.
You barely miss the ogre.
The ogre is moderately wounded.
The ogre hits you with a +0 giant club!!
Ouch! That really hurt!
* * * LOW HITPOINT WARNING * * *
You hit the ogre.
The ogre is heavily wounded.
The ogre barely misses you.
You thump the ogre!
The ogre is severely wounded.
You barely miss the ogre.
The ogre is severely wounded.
The ogre hits you but does no damage.
You sock the ogre!
You kill the ogre!
Trog accepts your kill. The jelly closely misses you.
Your Maces & Flails skill increases to level 6!
You hit the jelly. The acid corrodes you!
Your hands burn!
* * * LOW HITPOINT WARNING * * *
The jelly is moderately wounded.
The jelly misses you.
You hit the jelly.
Your hands burn!
* * * LOW HITPOINT WARNING * * *
The jelly is moderately wounded.
The jelly hits you.
* * * LOW HITPOINT WARNING * * *
The acid corrodes you!
You are splashed with acid!
You die... ▒▒▒▒∙∙∙▒ ▒∙∙∙∙∙∙▒ ∙▒ ▒∙∙∙∙∙∙▒ ▒∙▒∙∙∙∙▒▒∙∙∙ ∙∙∙∙∙∙∙▒ ▒▒∙▒<∙∙∙∙∙∙∙▒ ∙∙∙∙∙∙∙▒ ▒▒∙∙∙▒∙∙∙∙∙∙∙▒▒▒∙∙∙∙∙∙▒ ∙∙∙∙∙∙∙∙∙∙∙∙∙∙

▒∙∙∙∙∙∙ ∙∙∙∙∙∙∙∙∙∙∙∙▒
■∙∙∙∙▒▒▒∙
∙▒■▒∙∙∙∙∙∙∙∙▒▒▒▒)J∙∙∙∙∙∙
▒▒∙▒▒∙∙∙∙∙∙∙∙∙∙▒9∙∙∙▒▒
▒∙∙∙▒▒∙∙∙∙∙∙∙∙∙▒∙∙∙∙∙▒▒
∙∙∙∙∙▒▒∙∙∙∙∙∙∙∙▒∙∙∙∙∙∙▒
∙?♣!∙W▒∙∙∙∙∙∙∙∙▒∙∙∙▒▒∙▒
∙∙∙∙∙▒▒∙∙∙∙∙∙∙∙∙∙∙∙▒ ∙▒
▒∙∙∙▒▒∙∙∙∙∙∙∙∙∙∙∙^∙■ ▒
▒▒⌠▒▒∙∙∙∙∙∙∙∙∙∙∙∙∙∙▒
∙▒▒▒∙∙∙∙∙∙∙∙∙∙∙∙∙∙∙▒
∙∙∙∙∙∙▒▒▒∙∙∙∙∙∙∙∙∙∙▒


You could see a jelly.

Vanquished Creatures
  Grinder (D:3)
  An ogre (D:4)
  Jessica (D:3)
  An adder (D:3)
  2 worms (D:2)
  2 dart slugs (D:3)
  2 orcs (D:3)
  A bat (D:3)
  6 endoplasms
  2 giant cockroaches
  4 goblins
  6 hobgoblins
  5 jackals
  2 ball pythons
  2 frilled lizards
  4 kobolds (D:2)
  7 rats
49 creatures vanquished.

Notes
Turn   | Place    | Note
-------+----------+-------------------------------------------
     0 | D:1      | Zeor the Gargoyle Berserker began the quest for the Orb.
     0 | D:1      | Reached XP level 1. HP: 14/14 MP: 1/1
   154 | D:1      | Reached XP level 2. HP: 18/19 MP: 2/2
   732 | D:2      | Reached XP level 3. HP: 20/23 MP: 3/3
   949 | D:2      | Reached ** piety under Trog
  1170 | D:3      | Found Vidd's Weapon Emporium.
  1230 | D:3      | Reached skill level 4 in Maces & Flails
  1239 | D:3      | Noticed Jessica
  1244 | D:3      | Killed Jessica
  1245 | D:3      | Reached XP level 4. HP: 29/29 MP: 4/4
  1264 | D:3      | Found Houlaa Kery's Antique Armour Shop.
  1267 | D:3      | Bought a cloak for 108 gold pieces
  1364 | D:3      | Found Cesmaxag's Antique Weapon Shop.
  1367 | D:3      | Noticed Grinder
  1382 | D:3      | Paralysed by Grinder for 4 turns
  1386 | D:3      | Killed Grinder
  1387 | D:3      | Reached skill level 5 in Maces & Flails
  1387 | D:3      | Reached XP level 5. HP: 7/33 MP: 5/5
  1387 | D:3      | Reached XP level 6. HP: 8/38 MP: 6/6
  1891 | D:3      | Found a blossoming altar of Fedhas.
  2063 | D:4      | Noticed Vahgon's ghost (novice MiBe)
  2063 | D:4      | Found a runed translucent door.
  2112 | D:4      | Reached skill level 6 in Maces & Flails
  2113 | D:4      | Splashed by a jelly's acid

Illustrated notes

Levels and vault maps discovered:
D:1:      minmay_arrival_doors, layout_rooms
D:2:      cheibrodos_old_hovel, layout_basic
D:3:      layout_basic, fedhas_altar_fruit_tree, serial_shops, shop_statue,
          shop, shop, uniq_jessica, uniq_grinder
D:4:      kennysheep_big_flooded_room, layout_basic, lemuel_temple_firewalk_b,
          hellmonk_ghost_happy_afterlife

Skill      XL: |  1  2  3  4  5  6 |
---------------+-------------------+-----
Dodging        | 2 |  2.3
Maces & Flails | 4 5 6 |  6.1
Fighting       | 4 |  4.1
Armour         | 3 |  3.2
Stealth        | |  0.4

Action                     |  1- 3 |  4- 6 || total
---------------------------+-------+-------++-------
  Melee: Mace              |    89 |    44 ||   133
         Punch             |     1 |       ||     1
    Use: Scroll            |     8 |     4 ||    12
 Armour: Animal skin       |     3 |       ||     3
         Ring mail         |    20 |       ||    20
         Chain mail        |    14 |    16 ||    30
  Dodge: Dodged            |    35 |    21 ||    56
